 Dungeon Crawl Stone Soup version 0.31-a0-963-ga325b2283a (webtiles) character file.

Game seed: 15871841570025342898

312 lunkers the Ruffian (level 7, -4/78 HPs)
             Began as a Meteoran Shapeshifter on Oct 24, 2023.
             Succumbed to a water moccasin's poison
             ... on level 5 of the Dungeon.
             The game lasted 00:05:00 (1520 turns).

lunkers the Ruffian (Meteoran Shapeshifter)         Turns: 1520, Time: 00:05:00

Health: -4/78      AC: 23    Str: 17    XL:     7   Next: 2%
Magic:  8/8        EV:  2    Int: 11    God:
Gold:   209        SH:  0    Dex: 15    Spells: 6/6 levels left

rFire   . .          .
                       - Unarmed
rCold   . . .        (no shield)
rNeg    . . .        h - melded +0 ring mail
rPois   +            (helmet currently unavailable)
rElec   .            (cloak currently unavailable)
rCorr   .            (gloves currently unavailable)
SInv    .            (boots currently unavailable)
Will    .....        (no amulet)
Stlth   +            (no ring)
HPRegen 0.33/turn    (no ring)
MPRegen 0.11/turn

%: no passive effects
@: lethally poisoned (-4 -> -34), tree-form, glowing
A: stationary, stasis, torment immunity, boosted hp, sense surroundings 1,
otherworldly, glowing, explore regen
a: no special abilities


You were on level 5 of the Dungeon.
You were a tree.
You visited 1 branch of the dungeon, and saw 5 of its levels.

You collected 209 gold pieces.

Inventory:

Missiles
 m - a throwing net
Armour
 h - a +0 ring mail (melded)
 i - a +0 cloak
 k - a +0 buckler
Talismans
 c - a beast talisman
 d - a flux talisman
Scrolls
 e - a scroll of identify
 n - 2 scrolls of enchant weapon {unknown}
 o - a scroll of teleportation {unknown}
Potions
 a - a potion of heal wounds {unknown}
 f - 2 potions of invisibility {unknown}
 g - 2 potions of magic
 j - 2 potions of haste
 l - 2 potions of curing {unknown}


   Skills:
 - Level 1.1 Fighting
 - Level 2.1 Dodging
 * Level 7.2 Unarmed Combat
 + Level 5.4 Shapeshifting


You had 6 spell levels left.
You didn't know any spells.
Your spell library was empty.

Dungeon Overview and Level Annotations

Branches:
Dungeon (5/15) Zot: 1497
 Temple: D:4-7

Altars:
Ashenzari
Trog

Shops:
D:5 =


Innate Abilities, Weirdness & Mutations

You are a tree.
Your roots penetrate the ground, keeping you stationary.
You cannot be teleported.
You are immune to unholy pain and torment.
Your maximum health is greatly increased.
Your equipment is partially melded.
You passively map a small area around you.
You are easily found by Zot.
You glow in the dark.
You regain HP and MP as you explore.


Message History

* * * LOW HITPOINT WARNING * * *
The water moccasin bites you but does no damage.
You closely miss the water moccasin.
The water moccasin is severely wounded.
You feel sick. The water moccasin closely misses you.
Unknown command.
You barely miss the water moccasin. Your punch misses the water moccasin.
The water moccasin is severely wounded.
You feel sick. The water moccasin misses you.
Unknown command.
You punch the water moccasin!
The water moccasin is almost dead.
You feel sick. The water moccasin barely misses you.
A scorpion comes into view.
Unknown command.
You closely miss the water moccasin.
The water moccasin is almost dead.
You feel sick.
The water moccasin bites you but does no damage.
Unknown command.
You closely miss the water moccasin.
The water moccasin is almost dead.
You feel sick. The water moccasin bites you!
* * * LOW HITPOINT WARNING * * *
You are lethally poisoned!
The water moccasin poisons you! The water moccasin bites you.
* * * LOW HITPOINT WARNING * * *
You are more poisoned.
The water moccasin poisons you!
Unknown command.
You punch the water moccasin!
You kill the water moccasin!
* * * LOW HITPOINT WARNING * * *
You feel extremely sick.
Your Unarmed Combat skill increases to level 7!
You have reached level 7!
Your transformation has ended.
You turn into a tree.
Your +0 ring mail melds into your body.
Your roots penetrate the ground.
You die...

## #..## #######
##....#######8....#
*#.....♣...........# ,
......s#####....<..##* ,
, .......* ###........#.
....... #8...∩...8.....
, .......
*#.......#.....#
.$.....#....>....#......
.....................##.
,
.........#....8.......#
.....[...........


You could see a scorpion.

Vanquished Creatures
  A water moccasin (D:5)
  An orc priest (D:4)
  An iguana (D:4)
  2 orc wizards (D:4)
  2 adders
  A white imp (D:3)
  4 dart slugs
  5 orcs (D:4)
  3 bats
  4 endoplasms
  3 giant cockroaches
  5 hobgoblins
  3 jackals
  6 quokkas
  3 ball pythons
  3 frilled lizards
  10 goblins
  4 kobolds
  4 rats
65 creatures vanquished.

Notes
Turn   | Place    | Note
-------+----------+-------------------------------------------
     0 | D:1      | lunkers the Meteoran Shapeshifter began the quest for the
                  | Orb.
     0 | D:1      | Reached XP level 1. HP: 16/16 MP: 2/2
   142 | D:1      | Reached XP level 2. HP: 23/23 MP: 3/3
   258 | D:1      | Found a faded altar of an unknown god.
   263 | D:1      | Reached skill level 4 in Unarmed Combat
   391 | D:1      | Reached XP level 3. HP: 20/28 MP: 4/4
   665 | D:2      | Reached XP level 4. HP: 35/35 MP: 5/5
   694 | D:2      | Reached skill level 5 in Unarmed Combat
  1061 | D:3      | Found a broken altar of Ashenzari.
  1188 | D:4      | Found a bloodstained altar of Trog.
  1273 | D:4      | Reached XP level 5. HP: 28/40 MP: 6/6
  1388 | D:4      | Reached skill level 6 in Unarmed Combat
  1407 | D:4      | Reached XP level 6. HP: 36/47 MP: 7/7
  1429 | D:4      | Reached skill level 5 in Shapeshifting
  1499 | D:5      | Entered Level 5 of the Dungeon
  1499 | D:5      | Found Ixzeag's Jewellery Emporium.
  1509 | D:5      | Noticed a water moccasin
  1519 | D:5      | Killed a water moccasin
  1519 | D:5      | HP: 1/47 [poisoned by a water moccasin]
  1520 | D:5      | Reached skill level 7 in Unarmed Combat
  1520 | D:5      | Reached XP level 7. HP: 2/52 MP: 8/8
  1520 | D:5      | Succumbed to a water moccasin's poison

Illustrated notes

Levels and vault maps discovered:
D:1:      minmay_arrival_arboretum_small, layout_loops_corners,
          dreamdust_ecumenical_altar_statues
D:2:      wad_woods_pond, layout_basic, dk_noncrumbling_2
D:3:      kennysheep_big_flooded_room, layout_rooms, general_overflow_altar
D:4:      minmay_skewed_foursquare, layout_basic, kennysheep_mini, serial_glass,
          glass_columns_a, glass_columns_b, dreamdust_wishing_well
D:5:      layout_cave_pools, minmay_temple_entry_tees, serial_glass,
          glass_columns_c, glass_columns_a, minmay_strange_pillars,
          item_on_display_a, nicolae_stop_n_shop_1, uniq_blork_the_orc

Skill      XL: |  1  2  3  4  5  6 |
---------------+-------------------+-----
Unarmed Combat | 4 5 6 7 |  7.2
Shapeshifting  | 4 5 |  5.4
Fighting       | |  1.1
Dodging        | |  2.1

Action                     |  1- 3 |  4- 6 |  7- 9 || total
---------------------------+-------+-------+-------++-------
  Melee: Unarmed           |    73 |   120 |       ||   193
         Punch             |     1 |    13 |       ||    14
    Use: Scroll            |       |     5 |       ||     5
         Potion            |       |       |     1 ||     1
 Armour: Animal skin       |     9 |       |       ||     9
         Ring mail         |    33 |    80 |       ||   113
  Dodge: Dodged            |    39 |    63 |       ||   102

Table legend: (Time is in decaauts)
 A = Elapsed time spent in this place.
 B = Non-inter-level travel time spent in this place.
 C = Inter-level travel time spent in this place.
 D = Time resting spent in this place.
 E = Time spent auto-exploring this place.
 F = Levels seen in this place.
 G = Mean time per level.
                   A        B        C        D        E       F      G
               +--------+--------+--------+--------+--------+-----+--------+
         Total |   1502 |   1457 |     45 |      0 |    802 |   5 |  300.4 |
       Dungeon |   1502 |   1457 |     45 |      0 |    802 |   5 |  300.4 |
               +--------+--------+--------+--------+--------+-----+--------+

Top non-repeatable levels by time:
     D:2: 452 daAuts
     D:1: 406 daAuts
     D:4: 331 daAuts
     D:3: 292 daAuts
     D:5: 19 daAuts
